 Dungeon Crawl Stone Soup version 0.30-a0-879-ga8ba668304 (webtiles) character file.

Game seed: 6560340761449600328

3514 bande the Cleaver (level 10, 0/61 HPs)
             Began as a Gargoyle Fighter on Mar 13, 2023.
             Was an Initiate of Okawaru.
             Slain by a two-headed ogre
             ... wielding a +0 giant spiked club
              (27 damage)
             ... on level 7 of the Dungeon.
             The game lasted 00:12:54 (7110 turns).

bande the Cleaver (Gargoyle Fighter)                Turns: 7110, Time: 00:12:55

Health: 0/61       AC: 24    Str: 19    XL:     10   Next: 8%
Magic:  10/10      EV:  7    Int: 10    God:    Okawaru [......]
Gold:   308        SH: 11    Dex: 19    Spells: 9/9 levels left

rFire   . . .      SeeInvis .    a - +1 war axe
rCold   + . .      Faith    .    c - +0 buckler
rNeg    + . .      Spirit   .    i - +2 chain mail {rC+}
rPois   ∞          Reflect  +    (no helmet)
rElec   +          Rampage  .    r - +2 cloak
rCorr   .                        (no gloves)
Will    +....                    B - +0 pair of boots Stlth
                                 z - amulet of reflection
HPRegen 0.30/turn                h - +6 ring of dexterity
MPRegen 0.12/turn                p - ring of willpower

@: no status effects
A: sickness immunity, AC +7, negative energy resistance 1, electricity
resistance, torment resistance 1, petrification resistance
a: Renounce Religion


You were on level 7 of the Dungeon.
You worshipped Okawaru.
Okawaru was noncommittal.
You visited 2 branches of the dungeon, and saw 8 of its levels.

You collected 533 gold pieces.
You spent 225 gold pieces at shops.

Inventory:

Hand Weapons
 a - a +1 war axe (weapon)
 m - a +0 flail
Armour
 c - a +0 buckler (worn)
 i - a +2 chain mail of cold resistance (worn)
 r - a +2 cloak (worn)
 B - a +0 pair of boots (worn)
Jewellery
 g - a ring of positive energy
 h - a +6 ring of dexterity (left hand)
 j - a +6 ring of strength
 p - a ring of willpower (right hand)
 s - a +6 ring of intelligence
 z - an amulet of reflection (around neck)
Wands
 b - a wand of flame (46)
 u - a wand of roots (7)
Scrolls
 k - a scroll of blinking
 q - 3 scrolls of teleportation
Potions
 d - a potion of might
 e - 2 potions of heal wounds
 f - a potion of curing {unknown}
 l - a potion of invisibility {unknown}
 n - 2 potions of haste
 o - 2 potions of degeneration {unknown}
 t - a potion of flight {unknown}
 v - a potion of magic {unknown}
 w - a potion of ambrosia {unknown}
 x - a potion of mutation {unknown}
 A - a potion of brilliance {unknown}


   Skills:
 + Level 6.7 Fighting
 + Level 9.2 Axes
 + Level 6.5 Armour
 + Level 5.5 Shields
 * Level 4.8 Evocations


You had 9 spell levels left.
You didn't know any spells.
Your spell library contained the following spells:

 Spells                   Type           Power      Damage    Failure   Level
 Kiss of Death            Conj/Necr      0%         2d5       99%         1
 Confusing Touch          Hex            0%         N/A       100%        3
 Vhi's Electric Charge    Tloc/Air       0%         N/A       100%        3
 Dispel Undead            Necr           0%         3d6       100%        4
 Arcjolt                  Conj/Air       0%         1d10      100%        5
 Maxwell's Capacitive Co  Air            0%         ∞         100%        8


Dungeon Overview and Level Annotations

Branches:
Dungeon (7/15)             Temple (1/1) D:7

Altars:
Cheibriados
Elyvilon
Gozag
Hepliaklqana
Kikubaaqudgha
Nemelex Xobeh
Okawaru
Sif Muna
Trog
Uskayaw
Vehumet
Wu Jian
Xom
Yredelemnul
Zin

Shops:
D:1 [   D:4 ?*(:*


Innate Abilities, Weirdness & Mutations

You are immune to sickness and miasma.
Your stone body is resilient. (AC +7)
You are immune to poison.
You resist negative energy. (rN+)
You are resistant to electric shocks. (rElec)
You are resistant to unholy torment.
You are immune to petrification.


Message History

Okawaru welcomes you!
There is an open door here.
There is a staircase back to the Dungeon here.
You climb upwards.
Welcome back to the Dungeon!
There is a staircase to the Ecumenical Temple here.
A two-headed ogre comes into view.
It is wielding a +0 giant spiked club and a +0 giant club.
Found 10 gold pieces.
The two-headed ogre shouts in stereo!
A two-headed ogre is nearby!
The two-headed ogre hits you with a +0 giant spiked club!
The two-headed ogre hits you with a +0 giant club.
You completely miss the two-headed ogre.
The two-headed ogre barely misses you. x2
You slash the two-headed ogre!
The two-headed ogre is lightly wounded.
You block the two-headed ogre's attack. The two-headed ogre barely misses you.
You slash the two-headed ogre!
The two-headed ogre is moderately wounded.
You hit the two-headed ogre but do no damage.
The two-headed ogre is moderately wounded.
The two-headed ogre hits you with a +0 giant spiked club!!
The two-headed ogre hits you but does no damage.
You are too injured to fight recklessly!
You are too injured to fight recklessly!
You are too injured to fight recklessly!
You are too injured to fight recklessly!
You are too injured to fight recklessly!
You are too injured to fight recklessly!
You are too injured to fight recklessly!
You are too injured to fight recklessly!
You hit the two-headed ogre.
The two-headed ogre is heavily wounded.
The two-headed ogre hits you but does no damage.
The two-headed ogre closely misses you.
You hit the two-headed ogre.
The two-headed ogre is heavily wounded.
You slash the two-headed ogre!
The two-headed ogre is severely wounded.
The two-headed ogre hits you with a +0 giant spiked club!!
You die...

######....#####.........#.<.....#
.......##...#...##############..#
#########.#.#.### #..> # #.#...#
##.# # #.##### ##### #.# # #.#
#### ##...## #.# # #.# ...
#P.P..## #.# #.#
#.#######.##..###.# #.#
#.@....#...#P.....# #.#
#O###....>....##### #.# .$.
##P#...#P.# #.# #.## ####.##..#
..# #. #P.P..## # ##...## #####


You could see a two-headed ogre.

Vanquished Creatures
  Pikel (D:6)
  Grinder (D:3)
  Sigmund (D:6)
  4 yaks (D:5)
  A wraith (D:6)
  2 water moccasins
  An orc warrior (D:7)
  2 ice beasts
  2 ogres
  A centaur (D:5)
  2 phantoms
  2 kobold brigands (D:6)
  3 bullfrogs
  2 scorpions (D:6)
  3 jellies
  A howler monkey (D:5)
  An orc priest (D:5)
  Crazy Yiuf (D:2)
  4 hounds
  Jessica (D:2)
  3 iguanas
  2 sleepcaps
  3 gnolls
  8 adders
  A white imp (D:6)
  A worm (D:3)
  2 dart slugs (D:3)
  9 orcs
  11 ball pythons
  10 endoplasms
  2 giant cockroaches (D:1)
  3 goblins
  5 hobgoblins
  5 jackals
  15 kobolds
  5 quokkas
  7 bats
  2 frilled lizards
  4 rats
134 creatures vanquished.

Vanquished Creatures (others)
  10 fungi (D:4)
  A plant (D:7)
  5 toadstools (D:4)
16 creatures vanquished.

Grand Total: 150 creatures vanquished

Notes
Turn   | Place    | Note
-------+----------+-------------------------------------------
     0 | D:1      | bande the Gargoyle Fighter began the quest for the Orb.
     0 | D:1      | Reached XP level 1. HP: 14/14 MP: 1/1
   120 | D:1      | Reached XP level 2. HP: 17/19 MP: 2/2
   121 | D:1      | Reached skill level 2 in Axes
   444 | D:1      | Found Xyre's Antique Armour Emporium.
   456 | D:1      | Reached XP level 3. HP: 23/23 MP: 3/3
  1101 | D:2      | Reached XP level 4. HP: 20/29 MP: 4/4
  1254 | D:2      | Reached skill level 3 in Axes
  1385 | D:2      | Found a runed translucent door.
  1386 | D:2      | Noticed Crazy Yiuf
  1460 | D:2      | Noticed Jessica
  1467 | D:2      | Killed Jessica
  1468 | D:2      | Reached XP level 5. HP: 26/33 MP: 5/5
  2107 | D:2      | Killed Crazy Yiuf
  2276 | D:3      | Noticed Grinder
  2276 | D:3      | Paralysed by Grinder for 4 turns
  2283 | D:3      | Paralysed by Grinder for 5 turns
  2303 | D:3      | Paralysed by Grinder for 3 turns
  2310 | D:3      | Paralysed by Grinder for 3 turns
  2320 | D:3      | Killed Grinder
  2321 | D:3      | Reached skill level 4 in Axes
  2321 | D:3      | Reached XP level 6. HP: 28/39 MP: 6/6
  2555 | D:1      | Bought a runed chain mail for 225 gold pieces
  2733 | D:3      | Found a white marble altar of Elyvilon.
  2853 | D:3      | Found a glowing silver altar of Zin.
  2854 | D:3      | Found a shimmering altar of Xom.
  2855 | D:3      | Found a basalt altar of Yredelemnul.
  2855 | D:3      | Found a sparkling altar of Nemelex Xobeh.
  2856 | D:3      | Found an ornate altar of the Wu Jian Council.
  2997 | D:4      | Found Busteo Goesch's Book Boutique.
  2997 | D:4      | Found Riebb's Antique Weapon Boutique.
  3074 | D:4      | Found Woan's Assorted Antiques.
  3078 | D:4      | Found Ykhlimp's Magic Scroll Boutique.
  3536 | D:4      | Found a snail-covered altar of Cheibriados.
  3612 | D:4      | Found a hide-covered altar of Uskayaw.
  3639 | D:4      | Reached skill level 5 in Axes
  3639 | D:4      | Reached XP level 7. HP: 34/44 MP: 7/7
  3848 | D:4      | Found Odiud's Assorted Antiques.
  4136 | D:5      | Entered Level 5 of the Dungeon
  4199 | D:5      | Reached skill level 1 in Evocations
  4733 | D:5      | Noticed a yak
  4733 | D:5      | Noticed a yak
  4733 | D:5      | Noticed a yak
  4734 | D:5      | Noticed a yak
  4753 | D:5      | Killed a yak
  4754 | D:5      | Reached skill level 6 in Axes
  4754 | D:5      | Reached XP level 8. HP: 25/48 MP: 8/8
  4764 | D:5      | Killed a yak
  4765 | D:5      | Reached skill level 5 in Fighting
  4768 | D:5      | Killed a yak
  4770 | D:5      | Killed a yak
  4771 | D:5      | Reached skill level 5 in Armour
  4946 | D:5      | Identified the +1 leather armour "Keluirud" {rF+ Dex+3}
  5175 | D:5      | Reached skill level 7 in Axes
  5684 | D:6      | Noticed Pikel
  5700 | D:6      | Killed Pikel
  5701 | D:6      | Reached XP level 9. HP: 33/55 MP: 9/9
  5704 | D:6      | Reached skill level 8 in Axes
  5707 | D:6      | Identified the +1 ring mail "Komiok" {rElec}
  5844 | D:6      | Noticed Sigmund
  5852 | D:6      | Killed Sigmund
  5903 | D:6      | Found a radiant altar of Vehumet.
  5926 | D:6      | Reached skill level 5 in Shields
  6627 | D:7      | Reached skill level 9 in Axes
  6627 | D:7      | Reached XP level 10. HP: 61/61 MP: 10/10
  6976 | D:7      | Found a staircase to the Ecumenical Temple.
  6986 | Temple   | Entered the Ecumenical Temple
  7069 | Temple   | Became a worshipper of Warmaster Okawaru
  7102 | D:7      | Noticed a two-headed ogre
  7110 | D:7      | Slain by a two-headed ogre

Illustrated notes

Levels and vault maps discovered:
D:1:      dpeg_arrival_houses_and_road, layout_basic, serial_shops, shop,
          hangedman_abyss_or_decor_lesser_grid
D:2:      layout_loops_ring, kennysheep_generic_room_2, uniq_jessica,
          uniq_crazy_yiuf_cottage
D:3:      layout_basic, grunt_temple_overflow_open, mainiacjoe_overflow_catwalk,
          uniq_grinder
D:4:      cheibrodos_fertilizer, layout_rooms, cheibriados_altar_1,
          nicolae_uskayaw_murder_on_the_dancefloor, serial_shops,
          nicolae_shop_window_shopping, shop_fountains, nicolae_stop_n_shop_2,
          nicolae_shop_competitors_out_of_business, shop
D:5:      layout_loops_corners
D:6:      layout_basic, vehumet_altar_wand_db, minmay_unpleasant_kobolds,
          uniq_pikel, uniq_sigmund
D:7:      layout_loops_ring, minmay_temple_entry_gardened_gates
Temple:   bh_familiar_temple

Skill      XL: |  1  2  3  4  5  6  7  8  9 |
---------------+----------------------------+-----
Axes           | 2 3 4 5 6 7 9 |  9.2
Shields        | 4 5 |  5.5
Fighting       | 4 6 |  6.7
Armour         | 4 5 6 |  6.5
Evocations     | 2 3 4 |  4.8

Action                     |  1- 3 |  4- 6 |  7- 9 | 10-12 || total
---------------------------+-------+-------+-------+-------++-------
  Melee: War axe           |    74 |   149 |   237 |    36 ||   496
    Use: Scroll            |       |     9 |     4 |     2 ||    15
         Potion            |       |       |     3 |       ||     3
 Armour: Scale mail        |    50 |    41 |       |       ||    91
         Chain mail        |       |    35 |   155 |    15 ||   205
  Dodge: Dodged            |    55 |    59 |    81 |    14 ||   209
  Block: Buckler           |    24 |    36 |    66 |    10 ||   136

Table legend: (Time is in decaauts)
 A = Elapsed time spent in this place.
 B = Non-inter-level travel time spent in this place.
 C = Inter-level travel time spent in this place.
 D = Time resting spent in this place.
 E = Time spent auto-exploring this place.
 F = Levels seen in this place.
 G = Mean time per level.
                   A        B        C        D        E       F      G
               +--------+--------+--------+--------+--------+-----+--------+
         Total |   7242 |   6857 |    385 |   1394 |   4213 |   8 |  905.2 |
       Dungeon |   7133 |   6784 |    349 |   1394 |   4144 |   7 | 1019.0 |
        Temple |    109 |     73 |     36 |      0 |     69 |   1 |  109.0 |
               +--------+--------+--------+--------+--------+-----+--------+

Top non-repeatable levels by time:
     D:5: 1554 daAuts
     D:1: 1229 daAuts
     D:2: 1165 daAuts
     D:4: 1153 daAuts
     D:6: 941 daAuts
     D:3: 666 daAuts
     D:7: 423 daAuts
  Temple: 109 daAuts
